 Dungeon Crawl Stone Soup version 0.31-a0-1614-ge65d87d (webtiles) character file.

Game seed: 15273714913659148567

977 PublicAnimeNo1 the Apothecary (level 7, -1/46 HPs)
             Began as a Demonspawn Alchemist on Jan 9, 2024.
             Was an Initiate of Ru.
             Slain by a vampire mosquito (10 damage)
             ... on level 5 of the Dungeon.
             The game lasted 00:15:04 (5798 turns).

PublicAnimeNo1 the Apothecary (DsAl)                Turns: 5798, Time: 00:15:04

Health: -1/46      AC:  4    Str:  9    XL:     7   Next: 95%
Magic:  13/13      EV: 11    Int: 17    God:    Ru [......]
Gold:   234        SH: 12    Dex: 13    Spells: 6/14 levels left

rFire   . . .        c - +3 dagger (venom)
rCold   . . .        (no shield)
rNeg    . . .        w - +0 leather armour
rPois   .            (no helmet)
rElec   .            (no cloak)
rCorr   .            i - +0 pair of gloves
SInv    +            (no boots)
Will    .....        m - amulet of regeneration
Stlth   ++           d - ring of see invisible
HPRegen 1.07/turn    (no ring)
MPRegen 0.13/turn

%: no passive effects
@: attractive
A: large bone plates 3, powered by death 2, condensation shield, hooves 1,
MP-powered wands
a: Renounce Religion


You were on level 5 of the Dungeon.
You worshipped Ru.
Ru was noncommittal.
You visited 2 branches of the dungeon, and saw 7 of its levels.

You collected 234 gold pieces.

Inventory:

Hand Weapons
 c - a +3 dagger of venom (weapon)
 f - a +0 short sword
 p - a +0 rapier
Armour
 a - a +0 robe
 i - a +0 pair of gloves (worn)
 w - a +0 leather armour (worn)
Jewellery
 d - a ring of see invisible (left hand)
 m - an amulet of regeneration (around neck)
 y - a ring of resist corrosion
Scrolls
 h - 4 scrolls of revelation
 l - a scroll of noise
 n - a scroll of poison
 v - a scroll of teleportation {unknown}
Potions
 b - a potion of magic
 e - 2 potions of lignification
 o - a potion of curing
 s - a potion of ambrosia


   Skills:
 + Level 3.2 Short Blades
 - Level 1.7 Dodging
 - Level 1.7 Stealth
 - Level 4.0 Spellcasting
 + Level 2.1 Conjurations
 + Level 1.5 Air Magic
 * Level 7.4 Alchemy


You had 6 spell levels left.
You knew the following spells:

 Your Spells              Type           Power      Damage    Failure   Level
a - Sting                 Conj/Alch      76%        1d7       3%          1
b - Mephitic Cloud        Conj/Alch/Air  15%        N/A       14%         3
c - Olgreb's Toxic Radia  Alch           28%        N/A       11%         4

Your spell library contained the following spells:

 Spells                   Type           Power      Damage    Failure   Level
 Mercury Vapours          Alch/Air       36%        N/A       5%          2
 Sticky Flame             Fire/Alch      16%        2d5       43%         4


Dungeon Overview and Level Annotations

Branches:
Dungeon (6/15)             Temple (1/1) D:4

Altars:
Fedhas
Gozag
Hepliaklqana
Makhleb
Ru
Sif Muna
Trog
Uskayaw
Xom

Shops:
D:1 [

Annotations:
D:5 Eustachio, Pikel


Innate Abilities, Weirdness & Mutations

You are completely covered in large bone plates. (SH +8)
You regenerate health from kills.
A meltable shield of frost defends you. (SH +4)
You have large cloven feet.
You expend magic power (3 MP) to strengthen your wands.


Message History

You kill the adder!
The vampire mosquito closely misses you.
The vampire mosquito bites you.
* * * LOW HITPOINT WARNING * * *
The vampire mosquito draws strength from your injuries!
The vampire mosquito bites you.
* * * LOW HITPOINT WARNING * * *
The vampire mosquito draws strength from your injuries!
The vampire mosquito misses you. The vampire mosquito bites you!
* * * LOW HITPOINT WARNING * * *
The vampire mosquito draws strength from your injuries!
The vampire mosquito closely misses you.
You climb upwards.
Level annotation: Eustachio, Pikel
There is a stone staircase leading down here.
You're too confused to aim your attacks!
You are too confused!
You feel better.
You feel less invigorated.
You block the vampire mosquito's attack.
The vampire mosquito bites you.
The vampire mosquito draws strength from your injuries!
The vampire mosquito barely misses you.
The vampire mosquito closely misses you.
Your hearing returns.
You block the vampire mosquito's attack.
The vampire mosquito barely misses you.
The vampire mosquito closely misses you.
You block the vampire mosquito's attack.
The vampire mosquito attacks as it pursues you!
The vampire mosquito bites you.
The vampire mosquito draws strength from your injuries!
You block the vampire mosquito's attack.
The vampire mosquito bites you!
* * * LOW HITPOINT WARNING * * *
The vampire mosquito draws strength from your injuries!
The vampire mosquito barely misses you.
The vampire mosquito attacks as it pursues you!
The vampire mosquito closely misses you.
The vampire mosquito bites you!
You die...

#............#.##...
#..[......#........
##....##..†........
#........##.....###
#.)...>...........# #
#######..........## .
#..........# #
####..........#####
####.@yy..............
#....##.†..#..........
#....##.>..#......>...
#....##....#..........
#.....................
#....##....#..........
#######....#..........
######..........
#..........


You could see 2 vampire mosquitoes.

Vanquished Creatures
  A black bear (D:4)
  2 ogres
  2 scorpions
  2 howler monkeys
  A bombardier beetle (D:5)
  5 hounds
  An orc wizard (D:4)
  5 iguanas
  7 gnolls (D:4)
  4 adders
  A dart slug (D:1)
  A ribbon worm (D:2)
  An orc (D:6)
  6 endoplasms
  8 giant cockroaches
  4 goblins
  9 hobgoblins
  4 jackals (D:1)
  4 quokkas
  4 ball pythons
  3 bats
  14 frilled lizards
  4 kobolds
  2 rats
95 creatures vanquished.

Notes
Turn   | Place    | Note
-------+----------+-------------------------------------------
     0 | D:1      | PublicAnimeNo1 the Demonspawn Alchemist began the quest for
                  | the Orb.
     0 | D:1      | Reached XP level 1. HP: 13/13 MP: 3/3
   403 | D:1      | Gained mutation: You regenerate a little health from kills.
                  | [demonic ancestry]
   403 | D:1      | Reached XP level 2. HP: 19/19 MP: 0/5
   714 | D:1      | Found Zakhumir's Antique Armour Emporium.
   778 | D:1      | Reached skill level 4 in Alchemy
  1343 | D:2      | Gained mutation: A meltable shield of frost defends you.
                  | (SH +4) [demonic ancestry]
  1343 | D:2      | Reached XP level 3. HP: 24/24 MP: 4/6
  1706 | D:2      | Learned a level 3 spell: Mephitic Cloud
  1717 | D:2      | Found a shimmering blue altar of Sif Muna.
  2277 | D:2      | Found a faded altar of an unknown god.
  3110 | D:3      | Gained mutation: You regenerate health from kills. [demonic
                  | ancestry]
  3110 | D:3      | Reached XP level 4. HP: 30/30 MP: 2/7
  3165 | D:3      | Learned a level 4 spell: Olgreb's Toxic Radiance
  3264 | D:3      | Reached skill level 5 in Alchemy
  3680 | D:3      | Gained mutation: You are partially covered in large bone
                  | plates. (SH +4) [demonic ancestry]
  3680 | D:3      | Reached XP level 5. HP: 35/35 MP: 5/9
  3982 | D:4      | Found a blossoming altar of Fedhas.
  4093 | D:4      | Found a staircase to the Ecumenical Temple.
  4241 | Temple   | Entered the Ecumenical Temple
  4382 | D:4      | Found a sacrificial altar of Ru.
  4393 | D:4      | Reached skill level 1 in Short Blades
  4406 | D:4      | Became a worshipper of Ru the Awakened
  4519 | D:4      | Gained mutation: You are mostly covered in large bone
                  | plates. (SH +6) [demonic ancestry]
  4519 | D:4      | Reached XP level 6. HP: 41/41 MP: 5/11
  4567 | D:4      | Found a shimmering altar of Xom.
  4681 | D:4      | Reached skill level 6 in Alchemy
  5242 | D:5      | Entered Level 5 of the Dungeon
  5242 | D:5      | Noticed Pikel
  5243 | D:5      | Noticed Eustachio
  5351 | D:5      | Gained mutation: You are completely covered in large bone
                  | plates. (SH +8) [demonic ancestry]
  5351 | D:5      | Reached XP level 7. HP: 40/46 MP: 5/12
  5582 | D:5      | Reached skill level 7 in Alchemy
  5677 | D:5      | Reached skill level 1 in Air Magic
  5731 | D:6      | Noticed a vampire mosquito
  5751 | D:6      | Noticed a vampire mosquito
  5761 | D:6      | Gained mutation: You have large cloven feet. [potion of
                  | mutation]
  5761 | D:6      | Gained mutation: You expend magic power (3 MP) to
                  | strengthen your wands. [potion of mutation]
  5791 | D:6      | HP: 2/46 [vampire mosquito (10)]
  5798 | D:5      | Slain by a vampire mosquito

Illustrated notes

Levels and vault maps discovered:
D:1:      nagdon_arrival_double_spiral, layout_basic, serial_shops,
          nicolae_shop_tiny_waterfront
D:2:      layout_basic, dilly_ecumenical_altar_fadedgnrine, basic_altar,
          minmay_lizard_king
D:3:      layout_basic
D:4:      layout_loops_corners, fedhas_altar_1,
          nicolae_ru_great_annihilating_truth, mainiacjoe_overflow_24_doors,
          minmay_temple_entry_waves
D:5:      layout_rooms, elyvilon_altar_4, jmf_multi_god_temple2,
          hangedman_decor_diamond_cutter, chequers_serial_rivers_micro_b,
          uniq_pikel, uniq_eustachio
D:6:      lemuel_castle_with_subvaults [lemuel_castle_interior_carwin_1],
          layout_rooms, mainiacjoe_overflow_alcove_1, serial_shops,
          nicolae_shop_window_shopping
Temple:   hellmonk_temple_two_chambers

Skill      XL: |  1  2  3  4  5  6  7 |
---------------+----------------------+-----
Alchemy        | 4 5 6 7 |  7.4
Spellcasting   | 3 4 |  4.0
Short Blades   | 1 2 3 |  3.2
Air Magic      | 1 |  1.5
Conjurations   | 2 |  2.1
Dodging        | |  1.7
Stealth        | |  1.7

Action                     |  1- 3 |  4- 6 |  7- 9 || total
---------------------------+-------+-------+-------++-------
  Melee: Short sword       |    24 |       |       ||    24
         Unarmed           |     1 |       |       ||     1
         Rapier            |    15 |     9 |       ||    24
         Dagger            |       |    45 |    73 ||   118
         Punch             |       |       |     1 ||     1
   Cast: Sting             |    78 |    76 |    13 ||   167
    Use: Scroll            |       |     5 |     5 ||    10
         Potion            |       |       |     7 ||     7
   Stab: Sleeping          |       |     2 |       ||     2
         Paralysed         |       |     1 |       ||     1
 Armour: Robe              |    22 |    28 |       ||    50
         Leather armour    |       |     9 |    22 ||    31
         Skin              |       |       |   122 ||   122
  Dodge: Dodged            |    25 |    33 |    34 ||    92
  Block: Other             |     1 |    29 |    38 ||    68

Table legend: (Time is in decaauts)
 A = Elapsed time spent in this place.
 B = Non-inter-level travel time spent in this place.
 C = Inter-level travel time spent in this place.
 D = Time resting spent in this place.
 E = Time spent auto-exploring this place.
 F = Levels seen in this place.
 G = Mean time per level.
                   A        B        C        D        E       F      G
               +--------+--------+--------+--------+--------+-----+--------+
         Total |   5788 |   5499 |    289 |    231 |   4367 |   7 |  826.9 |
       Dungeon |   5770 |   5489 |    281 |    231 |   4367 |   6 |  961.7 |
        Temple |     17 |      9 |      8 |      0 |      0 |   1 |   17.0 |
               +--------+--------+--------+--------+--------+-----+--------+

Top non-repeatable levels by time:
     D:2: 1430 daAuts
     D:1: 1309 daAuts
     D:4: 1293 daAuts
     D:3: 1231 daAuts
     D:5: 408 daAuts
     D:6: 97 daAuts
  Temple: 17 daAuts
